 Dungeon Crawl Stone Soup version 0.28.0 (webtiles) character file.

Game seed: 13525750522143808254

352 skewfiend the Caller (level 6, 0/46 HPs)
             Began as a Merfolk Summoner on Feb 14, 2022.
             Slain by Edmund (7 damage)
             ... on level 4 of the Dungeon.
             The game lasted 00:17:23 (5208 turns).

skewfiend the Caller (Merfolk Summoner)             Turns: 5208, Time: 00:17:25

Health: 0/46       AC:  8    Str:  8    XL:     6   Next: 62%
Magic:  3/10       EV: 13    Int: 16    God:
Gold:   108        SH:  0    Dex: 15    Spells: 2/11 levels left

rFire   . . .      SeeInvis .   t - +0 trident
rCold   . . .      Faith    .   (no shield)
rNeg    . . .      Spirit   .   o - +0 leather armour
rPois   .          Reflect  .   u - +2 helmet
rElec   .          Harm     .   v - +0 cloak
rCorr   +          Rampage  .   (no gloves)
Will    .....                   c - +0 pair of boots
Stlth   ++........              (no amulet)
HPRegen 0.15/turn               j - ring of resist corrosion
MPRegen 0.12/turn               (no ring)

@: no status effects
A: (nimble swimmer 2), mertail
a: no special abilities


You were on level 4 of the Dungeon.
You visited 1 branch of the dungeon, and saw 4 of its levels.

You collected 108 gold pieces.

Inventory:

Hand Weapons
 d - a +0 flail
 e - a +3 dagger
 t - a +0 trident (weapon)
Missiles
 h - 4 silver boomerangs
 i - 80 stones
Armour
 a - a +0 robe
 b - a +0 ring mail
 c - a +0 pair of boots (worn)
 m - a +0 scale mail
 o - a +0 leather armour (worn)
 u - a +2 helmet (worn)
 v - a +0 cloak (worn)
Magical Staves
 f - a staff of poison
Jewellery
 j - a ring of resist corrosion (left hand)
Wands
 p - a wand of flame (38)
Scrolls
 n - a scroll of fog {unknown}
 r - a scroll of acquirement {unknown}
 s - a scroll of fear {unknown}
Potions
 k - 2 potions of attraction


   Skills:
 + Level 2.7 Fighting
 * Level 1.0 Polearms
 + Level 4.5 Dodging
 - Level 2.1 Stealth
 + Level 3.1 Spellcasting
 * Level 1.1 Hexes
 * Level 5.6 Summonings


You had 2 spell levels left.
You knew the following spells:

 Your Spells              Type           Power      Damage    Failure   Level
a - Summon Small Mammal   Summ           80%        N/A       2%          1
b - Call Imp              Summ           20%        N/A       4%          2
c - Call Canine Familiar  Summ           20%        N/A       8%          3
d - Summon Guardian Gole  Hex/Summ       13%        N/A       21%         3

Your spell library contained the following spells:

 Spells                   Type           Power      Damage    Failure   Level
 Static Discharge         Conj/Air       2%         N/A       38%         2
 Summon Lightning Spire   Summ/Air       11%        N/A       63%         4
 Dispel Undead            Necr           2%         3d7       95%         4
 Sticky Flame             Conj/Fire      2%         2d3       95%         4


Dungeon Overview and Level Annotations

Branches:
Dungeon (4/15)
 Temple: D:4-7

Altars:
Makhleb
Xom

Shops:
D:2 *

Annotations:
D:4 Edmund


Innate Abilities, Weirdness & Mutations

((You are very nimble when in or above water. (Stealth+, EV+, Speed+++)))
Your lower body shifts to a powerful aquatic tail in water.


Message History

Unknown command.
You closely miss Edmund.
Edmund is lightly wounded.
Edmund zaps a wand.
The puff of flame hits you.
The hound skeleton closely misses your quokka.
Edmund hits you with a +6 vorpal dire flail!
* * * LOW HITPOINT WARNING * * *
Unknown command.
The hound skeleton closely misses your quokka.
Edmund zaps a wand.
The puff of flame hits you.
* * * LOW HITPOINT WARNING * * *
There is a stone staircase leading up here.
It was a potion of attraction.
You feel attractive to monsters.
Edmund zaps a wand.
The puff of flame hits you.
* * * LOW HITPOINT WARNING * * *
Unknown command.
It was a potion of heal wounds.
You feel much better.
Edmund hits you with a +6 vorpal dire flail.
The hound skeleton closely misses you.
Your hound closely misses the hound skeleton.
Edmund zaps a wand.
The puff of flame hits you!
* * * LOW HITPOINT WARNING * * *
Your quokka bites Edmund.
Your hound bites Edmund but does no damage.
Your quokka barely misses the hound skeleton.
Your hound bites Edmund.
Your quokka bites the hound skeleton.
It was a potion of cancellation.
Your magical effects are unravelling.
You feel magically purged. Edmund closely misses you.
The hound skeleton bites your hound.
Your hound barely misses Edmund.
You feel less attractive to monsters.
As you read the scroll labelled SOAGAN ESEIL, it crumbles to dust.
Your body is wracked with pain!
* * * LOW HITPOINT WARNING * * *
Edmund convulses!
Your hound convulses!
Your quokka convulses!
It was a scroll of torment.
Flame seeps out of your guardian golem.
Edmund hits you with a +6 vorpal dire flail!
You die...

#......#
#.......
##......####
........†..#
#......#..#
#......#9r#
######.#hZ#
#.#@## #.#@#
#.#.# #.#..
#.####


You could see Edmund (fast, ally target), a hound skeleton, a friendly guardian
golem (summoned, inner flame), a friendly hound (summoned, sheltered) and a
friendly quokka (summoned, sheltered).

Vanquished Creatures
  An adder (D:2)
  A dart slug (D:1)
  An orc (D:3)
  3 ball pythons (D:1)
  2 bats (D:2)
  2 endoplasms
  A giant cockroach (D:2)
  3 goblins
  4 hobgoblins
  A quokka (D:3)
  4 frilled lizards
  A rat (D:1)
24 creatures vanquished.

Vanquished Creatures (collateral kills)
  A crimson imp (D:3)
  An orc priest (D:3)
  Jessica (D:3)
  Natasha (thrice) (D:3)
  A nameless horror (D:3)
  Robin (D:3)
  2 adders (D:3)
  2 worms (D:2)
  2 dart slugs (D:2)
  9 orcs
  3 bats (D:1)
  6 endoplasms
  2 giant cockroaches
  9 goblins
  6 hobgoblins
  7 jackals
  4 kobolds
  A quokka (D:2)
  7 ball pythons
  4 frilled lizards
  4 rats
76 creatures vanquished.

Vanquished Creatures (others)
  Crazy Yiuf (D:3)
  A goblin (D:3)
2 creatures vanquished.

Grand Total: 102 creatures vanquished

Notes
Turn   | Place    | Note
-------+----------+-------------------------------------------
     0 | D:1      | skewfiend the Merfolk Summoner began the quest for the Orb.
     0 | D:1      | Reached XP level 1. HP: 13/13 MP: 3/3
   165 | D:1      | Reached XP level 2. HP: 20/20 MP: 1/5
   177 | D:1      | Learned a level 2 spell: Call Imp
   602 | D:1      | Found a faded altar of an unknown god.
  1216 | D:1      | Reached skill level 1 in Fighting
  1420 | D:1      | Reached XP level 3. HP: 26/26 MP: 1/6
  1424 | D:1      | Learned a level 3 spell: Call Canine Familiar
  1765 | D:2      | Found Lotz's General Store.
  2363 | D:2      | Reached XP level 4. HP: 30/32 MP: 0/7
  2907 | D:3      | Noticed Natasha
  2913 | D:3      | Killed Natasha
  3076 | D:3      | Reached skill level 5 in Summonings
  3084 | D:3      | Reached XP level 5. HP: 34/38 MP: 1/8
  3298 | D:3      | Noticed Jessica
  3403 | D:3      | Killed Jessica
  3778 | D:3      | Noticed Natasha
  3783 | D:3      | Killed Natasha
  3864 | D:3      | Noticed Natasha
  3877 | D:3      | Killed Natasha
  4225 | D:3      | Learned a level 3 spell: Summon Guardian Golem
  4240 | D:3      | Reached XP level 6. HP: 46/46 MP: 6/10
  4612 | D:3      | Noticed Robin
  4618 | D:3      | Killed Robin
  4805 | D:3      | Found a runed translucent door.
  4806 | D:3      | Noticed Crazy Yiuf
  4841 | D:3      | Found a burning altar of Makhleb.
  4841 | D:3      | Found a shimmering altar of Xom.
  5045 | D:3      | Killed Crazy Yiuf
  5046 | D:3      | Reached skill level 1 in Polearms
  5046 | D:3      | Reached skill level 1 in Hexes
  5181 | D:4      | Noticed Edmund
  5208 | D:4      | Slain by Edmund

Illustrated notes

Levels and vault maps discovered:
D:1:      minmay_arrival_nine_rooms, layout_basic,
          ebering_ecumenical_altar_ruins
D:2:      layout_basic, serial_shops, shop
D:3:      layout_rooms, grunt_temple_overflow_champion_of_chaos, uniq_natasha,
          uniq_robin, uniq_jessica, uniq_crazy_yiuf_cottage
D:4:      layout_basic, general_overflow_altar, uniq_edmund

Skill      XL: |  1  2  3  4  5  6 |
---------------+-------------------+-----
Dodging        | 3 4 |  4.5
Fighting       | 1 2 |  2.7
Summonings     | 5 |  5.6
Spellcasting   | 3 |  3.1
Polearms       | 1 |  1.0
Hexes          | 1 |  1.1
Stealth        | |  2.1

Action                   |  1- 3 |  4- 6 || total
-------------------------+-------+-------++-------
Melee: Unarmed           |     6 |       ||     6
       Flail             |     3 |       ||     3
       Staff             |    38 |    52 ||    90
       Dagger            |     6 |       ||     6
       Punch             |       |     1 ||     1
       Trident           |       |    26 ||    26
 Cast: Summon Small Mamm |    52 |    32 ||    84
       Call Imp          |    20 |    25 ||    45
       Call Canine Famil |     2 |    17 ||    19
       Summon Guardian G |       |     2 ||     2
  Use: Potion            |       |     3 ||     3
       Scroll            |       |     1 ||     1
 Stab: Sleeping          |     1 |     1 ||     2
       Distracted        |       |     2 ||     2
Armor: Robe              |    26 |     6 ||    32
       Leather armour    |       |    16 ||    16
Dodge: Dodged            |    45 |    69 ||   114
